 Dungeon Crawl Stone Soup version 0.30.1-11-g7821555f0a (webtiles) character file.

Game seed: 6110292500667479142

199 GimliDwarf the Grasshopper (level 5, -1/43 HPs)
             Began as a Gnoll Warper on Jan 5, 2024.
             Slain by an orc wizard
             ... wielding a +0 dagger
              (3 damage)
             ... on level 2 of the Dungeon.
             The game lasted 00:05:55 (2648 turns).

GimliDwarf the Grasshopper (Gnoll Warper)           Turns: 2648, Time: 00:05:55

Health: -1/43      AC:  5    Str: 17    XL:     5   Next: 77%
Magic:  12/12      EV: 13    Int: 12    God:
Gold:   111        SH:  0    Dex: 13    Spells: 5/14 levels left

rFire   . . .        a - +1 falchion
rCold   . . .        (no shield)
rNeg    . . .        t - +1 leather armour {rPois}
rPois   +            (no helmet)
rElec   .            (no cloak)
rCorr   .            (no gloves)
SInv    .            o - +0 pair of boots
Will    .....        (no amulet)
Stlth   +            i - +6 ring of strength
HPRegen 0.27/turn    (no ring)
MPRegen 0.13/turn

%: no passive effects
@: confused
A: fangs 1, strong nose, distributed training
a: no special abilities


You were on level 2 of the Dungeon.
You visited 1 branch of the dungeon, and saw 3 of its levels.

You collected 111 gold pieces.

Inventory:

Hand Weapons
 a - a +1 falchion (weapon)
Missiles
 d - 7 boomerangs of dispersal
 g - 5 poisoned darts (quivered)
 m - a javelin
 w - 2 boomerangs
Armour
 o - a +0 pair of boots (worn)
 t - a +1 leather armour of poison resistance (worn)
Jewellery
 i - a +6 ring of strength (left hand)
Wands
 p - a wand of flame (18)
Scrolls
 b - a scroll of teleportation
 c - a scroll of blinking
Potions
 e - a potion of berserk rage {unknown}
 j - a potion of cancellation {unknown}
 k - a potion of attraction {unknown}
 l - a potion of heal wounds {unknown}
 q - a potion of flight {unknown}
 u - a potion of brilliance {unknown}


   Skills:
 + Level 4.9 Fighting
 + Level 1.7 Short Blades
 + Level 4.9 Long Blades
 + Level 1.7 Axes
 + Level 1.7 Maces & Flails
 + Level 1.7 Polearms
 + Level 1.7 Staves
 + Level 1.7 Ranged Weapons
 + Level 3.1 Throwing
 + Level 3.1 Armour
 + Level 4.9 Dodging
 + Level 1.7 Stealth
 + Level 1.7 Shields
 + Level 1.7 Unarmed Combat
 + Level 5.2 Spellcasting
 + Level 1.3 Conjurations
 + Level 1.3 Hexes
 + Level 1.3 Summonings
 + Level 1.3 Necromancy
 + Level 5.6 Translocations
 + Level 1.3 Transmutations
 + Level 1.3 Fire Magic
 + Level 1.3 Ice Magic
 + Level 1.3 Air Magic
 + Level 1.3 Earth Magic
 + Level 1.3 Poison Magic
 + Level 1.9 Invocations
 + Level 1.7 Evocations


You had 5 spell levels left.
You knew the following spells:

 Your Spells              Type           Power      Damage    Failure   Level
a - Blink                 Tloc           32%        N/A       3%          2
b - Vhi's Electric Charg  Tloc/Air       22%        N/A       17%         3
c - Manifold Assault      Tloc           16%        N/A       22%         4

Your spell library contained the following spells:

 Spells                   Type           Power      Damage    Failure   Level
 Lesser Beckoning         Tloc           32%        N/A       3%          2
 Teleport Other           Tloc           16%        N/A       7%          3


Dungeon Overview and Level Annotations

Branches:
Dungeon (3/15)

Altars:
Uskayaw
The Shining One


Innate Abilities, Weirdness & Mutations

You have very sharp teeth.
Your uncanny sense of smell can sniff out nearby items.
Your experience applies equally to all skills.


Message History

You closely miss something. Something hits you. x2
You miss something. Something hits you but does no damage.
You miss something.
You hear some strange, mumbled words.
A magic dart appears from out of thin air!
The magic dart hits you.
You bump into the rock wall.
Something hits you but does no damage.
You bump into the rock wall.
You hear some strange, mumbled words.
A puff of flame appears from out of thin air!
The puff of flame hits you.
* * * LOW HITPOINT WARNING * * *
You bump into the rock wall.
You hear some strange, mumbled words.
You are more confused.
You bump into the rock wall.
You hear some strange, mumbled words.
You are more confused.
You hit something. Your bite misses something.
You hear some strange, mumbled words.
A magic dart appears from out of thin air!
The magic dart hits you.
* * * LOW HITPOINT WARNING * * *
You miss something. Something completely misses you.
You hit something. Something hits you but does no damage.
You bump into the rock wall.
Something hits you.
* * * LOW HITPOINT WARNING * * *
You bump into the rock wall.
Something hits you.
* * * LOW HITPOINT WARNING * * *
You bump into the rock wall.
Something hits you but does no damage.
You bump into the rock wall.
Something hits you.
* * * LOW HITPOINT WARNING * * *
You bump into the rock wall.
Something hits you.
* * * LOW HITPOINT WARNING * * *
You bump into the rock wall.
Something hits you but does no damage.
You're too confused to move!
Something hits you but does no damage.
You bump into the rock wall.
Something hits you.
* * * LOW HITPOINT WARNING * * *
You bump into the rock wall.
Something hits you.
You die...

###.## .##.# .##.# .##.#
....# ##### .##.#
###############...# ....#
#.......##........# .####
#.#####.##{####...#
#######.#####.##@# ##.##
#...........##.# #.#
#.###.##.##.##.# #.#
###.###.##.......#####.####
..............#####.......#
.##.##..#####.### #.##.##[#
.##.##..........# #.##.##.#
.##.#...........# #.##.†#.#
....#..#........# #.###.#.#


There were no monsters in sight!

Vanquished Creatures
  An orc priest (D:3)
  Terence (D:3)
  5 adders
  4 gnolls
  A worm (D:2)
  2 dart slugs (D:1)
  2 orcs (D:3)
  5 endoplasms
  A giant cockroach (D:2)
  A goblin (D:1)
  5 hobgoblins
  6 jackals (D:1)
  8 kobolds
  4 quokkas
  3 ball pythons
  2 bats (D:1)
  4 frilled lizards
  5 rats
60 creatures vanquished.

Notes
Turn   | Place    | Note
-------+----------+-------------------------------------------
     0 | D:1      | GimliDwarf the Gnoll Warper began the quest for the Orb.
     0 | D:1      | Reached XP level 1. HP: 20/20 MP: 6/6
   187 | D:1      | Reached XP level 2. HP: 18/26 MP: 7/7
   348 | D:1      | Learned a level 2 spell: Blink
   385 | D:1      | Reached skill level 5 in Spellcasting
   385 | D:1      | Reached XP level 3. HP: 30/31 MP: 7/9
   609 | D:1      | Reached skill level 1 in Invocations
   989 | D:2      | Reached skill level 1 in Short Blades
   989 | D:2      | Reached skill level 1 in Axes
   989 | D:2      | Reached skill level 1 in Maces & Flails
   989 | D:2      | Reached skill level 1 in Polearms
   989 | D:2      | Reached skill level 1 in Staves
   989 | D:2      | Reached skill level 1 in Ranged Weapons
   989 | D:2      | Reached skill level 1 in Stealth
   989 | D:2      | Reached skill level 1 in Shields
   989 | D:2      | Reached skill level 1 in Unarmed Combat
   989 | D:2      | Reached skill level 1 in Evocations
  1269 | D:2      | Found a hide-covered altar of Uskayaw.
  1452 | D:2      | Reached XP level 4. HP: 38/38 MP: 11/11
  1759 | D:3      | Found a glowing golden altar of the Shining One.
  1831 | D:2      | Reached skill level 1 in Conjurations
  1831 | D:2      | Reached skill level 1 in Hexes
  1831 | D:2      | Reached skill level 1 in Summonings
  1831 | D:2      | Reached skill level 1 in Necromancy
  1831 | D:2      | Reached skill level 1 in Transmutations
  1831 | D:2      | Reached skill level 1 in Fire Magic
  1831 | D:2      | Reached skill level 1 in Ice Magic
  1831 | D:2      | Reached skill level 1 in Air Magic
  1831 | D:2      | Reached skill level 1 in Earth Magic
  1831 | D:2      | Reached skill level 1 in Poison Magic
  2035 | D:2      | Learned a level 3 spell: Vhi's Electric Charge
  2040 | D:2      | Learned a level 4 spell: Manifold Assault
  2048 | D:2      | Reached XP level 5. HP: 4/43 MP: 12/12
  2248 | D:3      | Noticed Terence
  2297 | D:3      | HP: 2/43 [Terence/+0 mace (5)]
  2315 | D:3      | Killed Terence
  2647 | D:2      | HP: 1/43 [something (3)]
  2648 | D:2      | Slain by an orc wizard

Illustrated notes

Levels and vault maps discovered:
D:1:      lemuel_arrival_muddy, layout_loops_cross, chequers_jeans
D:2:      layout_loops_cross, basic_altar, minmay_surrounded
D:3:      layout_basic, okawaru_gym_becter, mainiacjoe_overflow_small_starburst,
          grunt_decor_clamped, lemuel_flame_loot_1, uniq_jessica, uniq_ijyb,
          uniq_terence

Skill      XL: |  1  2  3  4  5 |
---------------+----------------+-----
Spellcasting   | 5 |  5.2
Invocations    | 1 |  1.9
Short Blades   | 1 |  1.7
Axes           | 1 |  1.7
Maces & Flails | 1 |  1.7
Polearms       | 1 |  1.7
Staves         | 1 |  1.7
Ranged Weapons | 1 |  1.7
Stealth        | 1 |  1.7
Shields        | 1 |  1.7
Unarmed Combat | 1 |  1.7
Evocations     | 1 |  1.7
Conjurations   | 1 |  1.3
Hexes          | 1 |  1.3
Summonings     | 1 |  1.3
Necromancy     | 1 |  1.3
Transmutations | 1 |  1.3
Fire Magic     | 1 |  1.3
Ice Magic      | 1 |  1.3
Air Magic      | 1 |  1.3
Earth Magic    | 1 |  1.3
Poison Magic   | 1 |  1.3
Throwing       | 3 |  3.1
Armour         | 3 |  3.1
Fighting       | |  4.9
Long Blades    | |  4.9
Dodging        | |  4.9
Translocations | |  5.6

Action                     |  1- 3 |  4- 6 || total
---------------------------+-------+-------++-------
  Melee: Falchion          |   128 |   135 ||   263
         Bite              |    14 |    23 ||    37
         Punch             |     1 |     2 ||     3
  Throw: Javelin           |     1 |     8 ||     9
         Boomerang         |       |     2 ||     2
         Dart              |       |     6 ||     6
    Use: Scroll            |       |     6 ||     6
         Potion            |       |     2 ||     2
 Armour: Leather armour    |    43 |    37 ||    80
  Dodge: Dodged            |    77 |    81 ||   158
